 Dungeon Crawl Stone Soup version 0.28.0-43-g3370ac3207 (webtiles) character file.

Game seed: 16835024098421453193

152 H0rd4k the Magician (level 5, -6/28 HPs)
             Began as a Deep Elf Hedge Wizard on Mar 22, 2022.
             Mangled by a scorpion (7 damage)
             ... on level 5 of the Dungeon.
             The game lasted 00:04:37 (3890 turns).

H0rd4k the Magician (Deep Elf Hedge Wizard)         Turns: 3890, Time: 00:04:39

Health: -6/28      AC:  2    Str:  4 (7)  XL:     5   Next: 11%
Magic:  1/16       EV: 16    Int: 18 (21) God:
Gold:   124        SH:  0    Dex: 12 (14) Spells: 5/17 levels left

rFire   . . .      SeeInvis .   a - +0 dagger
rCold   . . .      Faith    .   (no shield)
rNeg    . . .      Spirit   .   b - +0 robe
rPois   .          Reflect  .   c - +0 hat
rElec   .          Harm     .   (no cloak)
rCorr   .          Rampage  .   (no gloves)
Will    .....                   (no boots)
Stlth   ++........              (no amulet)
HPRegen 0.09/turn               h - +4 ring of evasion
MPRegen 0.15/turn               (no ring)

@: lethally poisoned (-6 -> -16), attractive, flying
A: no striking features
a: no special abilities


You were on level 5 of the Dungeon.
You visited 1 branch of the dungeon, and saw 5 of its levels.

You collected 124 gold pieces.

Inventory:

Hand Weapons
 a - a +0 dagger (weapon)
Armour
 b - a +0 robe (worn)
 c - a +0 hat (worn)
Jewellery
 h - a +4 ring of evasion (left hand)
Scrolls
 f - a scroll of identify {unknown}
 i - a scroll of torment {unknown}
 j - a scroll of acquirement {unknown}
 m - a scroll of vulnerability {unknown}
Potions
 d - a potion of attraction
 e - 2 potions of flight
 k - a potion of haste {unknown}
 l - a potion of curing {unknown}


   Skills:
 + Level 2.6 Dodging
 - Level 2.4 Stealth
 + Level 6.8 Spellcasting
 + Level 2.5 Conjurations
 + Level 1.1 Summonings
 + Level 1.5 Translocations
 * Level 0.1 Fire Magic
 * Level 0.6 Air Magic
 * Level 0.8 Poison Magic


You had 5 spell levels left.
You knew the following spells:

 Your Spells              Type           Power      Damage    Failure   Level
a - Magic Dart            Conj           60%        1d6       4%          1
b - Blink                 Tloc           22%        N/A       9%          2
c - Conjure Flame         Conj/Fire      10%        6-21      19%         3
d - Mephitic Cloud        Conj/Pois/Air  11%        N/A       19%         3
e - Swiftness             Air            8%         N/A       26%         3

Your spell library contained the following spells:

 Spells                   Type           Power      Damage    Failure   Level
 Freeze                   Ice            24%        1d5       11%         1
 Slow                     Hex            24%        N/A       11%         1
 Call Imp                 Summ           10%        N/A       11%         2
 Ensorcelled Hibernation  Hex/Ice        12%        N/A       17%         2
 Passwall                 Tmut/Erth      5%         N/A       17%         2
 Ignite Poison            Fire/Tmut/Pois 7%         N/A       28%         3
 Frozen Ramparts          Ice            12%        1d3       32%         3
 Hailstorm                Conj/Ice       10%        3d5       54%         4
 Sticky Flame             Conj/Fire      10%        2d3       54%         4


Dungeon Overview and Level Annotations

Branches:
Dungeon (5/15)
 Temple: D:4-7

Altars:
Nemelex Xobeh

Annotations:
D:1 exclusion: 2 downstairs
D:2 Natasha
D:3 1 runed translucent door, exclusion: zombie, Kaiern's ghost, amateur VSBr


Message History

The adder is engulfed in noxious fumes.
The adder appears confused.
You aren't carrying any items that you can evoke.
It was a potion of flight.
You feel very buoyant.
You fly up into the air.
It was a potion of attraction.
You feel attractive to monsters. The scorpion misses you.
The adder is attracted toward you.
Casting: Mephitic Cloud (quite dangerous; 16% risk of failure)
Confirm with . or Enter, or press ? or * to list all spells.
You blink.
The adder is attracted toward you. The scorpion is attracted toward you.
The adder barely misses itself.
The adder is attracted toward you. The scorpion is attracted toward you.
The adder misses you.
The adder barely misses itself.
The adder is attracted toward you. The scorpion is attracted toward you.
You feel stable enough to blink again.
The adder barely misses the scorpion.
The adder is attracted toward you. The scorpion is attracted toward you.
The adder barely misses itself.
The adder bites the scorpion.
The adder is attracted toward you. The scorpion is attracted toward you.
The scorpion is attracted toward you. The adder is attracted toward you.
The adder bites the scorpion.
The adder bites itself but does no damage.
The adder is attracted toward you. The scorpion stings you.
* * * LOW HITPOINT WARNING * * *
You are lethally poisoned!
The scorpion poisons you! The adder is attracted toward you.
Casting: Blink (safe; 8% risk of failure)
Confirm with . or Enter, or press ? or * to list all spells.
You don't have enough magic to cast this spell.
It was a potion of degeneration.
There was something very wrong with that liquid.
You feel weakened.
You feel dopey.
You feel clumsy.
* * * LOW HITPOINT WARNING * * *
You feel very sick.
The adder bites itself.
The scorpion stings you!
You die...

### #.. ..( #.. .. ...
#.# .. ... #.# #. #.#
#.# #. #.# #.# #.###.#
#§# #.....# #§# #@##<#
#§# #s##.# #§# #S##.#
.#####.#####.##.#
#...(..§§§§§§.##.#
........####..##.######
########............[...
#.###..##.####### .#
#..##.#


You could see a scorpion and an adder (confused).

Vanquished Creatures
  5 adders
  4 gnolls
  A worm (D:1)
  A dart slug (D:3)
  An orc (D:3)
  9 endoplasms
  2 giant cockroaches (D:1)
  6 goblins
  2 hobgoblins
  6 jackals
  3 ball pythons (D:3)
  8 bats
  A frilled lizard (D:3)
  3 kobolds
  11 rats
63 creatures vanquished.

Notes
Turn   | Place    | Note
-------+----------+-------------------------------------------
     0 | D:1      | H0rd4k the Deep Elf Hedge Wizard began the quest for the
                  | Orb.
     0 | D:1      | Reached XP level 1. HP: 10/10 MP: 7/7
   500 | D:1      | Reached skill level 5 in Spellcasting
   500 | D:1      | Reached XP level 2. HP: 15/15 MP: 6/10
  1211 | D:2      | Reached XP level 3. HP: 19/19 MP: 6/12
  1214 | D:2      | Learned a level 2 spell: Blink
  1425 | D:1      | Reached skill level 6 in Spellcasting
  1530 | D:2      | Noticed Natasha
  1864 | D:2      | Found a faded altar of an unknown god.
  1882 | D:2      | Learned a level 3 spell: Conjure Flame
  1886 | D:2      | Learned a level 3 spell: Mephitic Cloud
  1890 | D:2      | Learned a level 3 spell: Swiftness
  1950 | D:2      | Reached XP level 4. HP: 9/24 MP: 5/14
  3005 | D:3      | Found a runed translucent door.
  3005 | D:3      | Noticed Kaiern's ghost (amateur VSBr)
  3044 | D:3      | Found a sparkling altar of Nemelex Xobeh.
  3278 | D:3      | Reached XP level 5. HP: 28/28 MP: 14/16
  3845 | D:5      | Entered Level 5 of the Dungeon
  3890 | D:5      | HP: 1/28 [poisoned by a scorpion]
  3890 | D:5      | Mangled by a scorpion

Illustrated notes

Levels and vault maps discovered:
D:1:      lightli_arrival_farm, layout_basic
D:2:      minmay_chambers_of_twos, layout_basic, basic_ecumenical_altar,
          minmay_fractal_squares_5, uniq_natasha
D:3:      layout_loops_ring, lemuel_tele_altar, hellmonk_ghost_happy_afterlife
D:4:      layout_basic, minmay_temple_entry_junction, uniq_menkaure
D:5:      layout_loops_ring, ebering_ghost_rock_garden, grunt_ministairs_14

Skill      XL: |  1  2  3  4 |
---------------+-------------+-----
Spellcasting   | 5 6 |  6.8
Conjurations   | 2 |  2.5
Dodging        | |  2.6
Stealth        | |  2.4
Summonings     | |  1.1
Translocations | |  1.5
Fire Magic     | |  0.1
Air Magic      | |  0.6
Poison Magic   | |  0.8

Action                   |  1- 3 |  4- 6 || total
-------------------------+-------+-------++-------
 Cast: Magic Dart        |    96 |    87 ||   183
       Blink             |     1 |     1 ||     2
       Mephitic Cloud    |       |     2 ||     2
       Conjure Flame     |       |     1 ||     1
  Use: Potion            |       |     3 ||     3
Armor: Robe              |     4 |     1 ||     5
Dodge: Dodged            |     6 |    10 ||    16
